Map: Magannatha LE

Players

FalconsSolar (Solar)

  • Race: Zerg Zerg
  • Spawn Location: 5:00

VITmaru (Maru) - Winner!

  • Race: Terran Terran
  • Spawn Location: 11:00

Event: DreamHack Dallas 2025

VOD

Have the link to the VOD?

Description

Time

  • Played on: May 25, 2025, 4:51 p.m.
  • Length: 17:19

All games in this series

Show
View Real Time Build Order
Export as new Build Order

FalconsSolar Zerg 

Build Orders: Hatch First, Lurkers 

Get SALT Encoding   

  12  0:00  Drone  
  13  0:07  Drone  
  13  0:14  Drone, Extractor  
  15  0:22  Overlord  
  15  0:41  Drone  
  16  0:45  Hatchery  
  16  0:49  Drone  
  16  0:51  Drone  
  16  0:55  Drone  
  18  1:06  Extractor  
  17  1:12  Spawning Pool  
  17  1:13  Drone  
  17  1:18  Drone  
  18  1:27  Drone  
  19  1:38  Drone  
  20  1:51  Drone  
  21  1:59  Zergling x4, Queen x2  
  27  2:09  Drone  
  27  2:10  Overlord  
  27  2:13  Metabolic Boost  
  28  2:29  Hatchery  
  27  2:31  Drone  
  27  2:32  Drone  
  27  2:35  Extractor  
  29  2:37  Drone  
  29  2:39  Zergling x2  
  29  2:41  Zergling x2  
  31  2:46  Overlord  
  31  2:54  Queen  
  31  2:57  Drone  
  34  2:59  Zergling x2  
  34  3:03  Zergling x2  
  34  3:04  Zergling x2  
  37  3:10  Drone  
  37  3:11  Zergling x2  
  37  3:12  Zergling x2  
  40  3:16  Drone x2  
  40  3:17  Zergling x2  
  43  3:22  Zergling x2  
  43  3:23  Hatchery  
  44  3:27  Overlord  
  44  3:35  Hatchery  
  44  3:38  Overlord  
  42  3:44  Drone  
  42  3:46  Drone x2  
  42  3:47  Drone  
  46  3:50  Drone  
  47  3:56  Queen  
  47  3:57  Queen  
  47  3:59  Drone  
  47  4:01  Drone  
  53  4:08  Drone  
  54  4:10  Drone x2  
  54  4:12  Drone  
  54  4:14  Overlord  
  56  4:21  Drone  
  56  4:22  Drone  
  58  4:31  Drone  
  59  4:33  Queen  
  59  4:35  Drone x3  
  59  4:37  Overlord  
  64  4:38  Drone  
  64  4:39  Drone x2  
  64  4:42  Extractor  
  64  4:44  Overlord  
  66  4:46  Queen  
  66  4:47  Drone  
  66  4:49  Overlord  
  69  4:54  Evolution Chamber  
  69  4:56  Drone, Evolution Chamber  
  69  4:58  Drone  
  69  4:59  Extractor  
  68  5:00  Drone  
  68  5:04  Drone x4  
  72  5:07  Drone x2  
  72  5:09  Drone  
  72  5:10  Drone  
  72  5:12  Drone  
  77  5:19  Drone  
  77  5:20  Drone x2  
  80  5:22  Queen  
  80  5:23  Zerg Melee Weapons Level 1  
  82  5:28  Zerg Ground Armor Level 1  
  82  5:29  Overlord  
  82  5:33  Drone  
  82  5:34  Drone  
  83  5:35  Extractor  
  83  5:38  Drone x2, Baneling Nest  
  83  5:39  Drone  
  84  5:44  Hatchery  
  84  5:45  Drone  
  84  5:47  Drone  
  85  5:50  Drone  
  85  5:51  Lair  
  85  5:53  Zergling x4  
  85  5:55  Extractor  
  85  5:56  Zergling x4  
  89  5:59  Zergling x6  
  89  6:00  Drone  
  89  6:02  Overlord  
  93  6:04  Zergling x2  
  93  6:07  Zergling x4  
  96  6:12  Overlord  
  96  6:13  Zergling x2  
  96  6:17  Zergling x2  
  96  6:18  Overlord  
  98  6:19  Overlord  
  98  6:21  Baneling x10  
  98  6:22  Zergling x4  
  98  6:23  Baneling x2  
  98  6:25  Zergling x2  
  101  6:26  Baneling x2  
  101  6:28  Overlord  
  101  6:31  Overlord  
  101  6:36  Zergling x8  
  100  6:40  Queen  
  100  6:44  Zergling x4  
  100  6:48  Drone x5  
  100  6:49  Drone  
  100  6:51  Drone  
  100  6:53  Centrifugal Hooks, Overseer  
  107  6:56  Drone x3  
  107  7:00  Overseer  
  107  7:01  Zergling x2  
  111  7:04  Zergling x2  
  111  7:07  Hydralisk Den  
  111  7:08  Zergling x4  
  113  7:09  Drone  
  113  7:13  Drone  
  114  7:17  Zergling x6  
  114  7:20  Drone x2  
  114  7:22  Drone, Zerg Melee Weapons Level 2  
  116  7:24  Drone x6  
  116  7:28  Zerg Ground Armor Level 2  
  116  7:29  Overlord  
  122  7:32  Zergling x6  
  122  7:34  Infestation Pit  
  122  7:35  Extractor  
  123  7:38  Muscular Augments  
  123  7:41  Zergling x4, Hatchery  
  123  7:43  Zergling x6  
  126  7:46  Zergling x4  
  126  7:50  Zergling x2  
  128  7:55  Zergling x20  
  138  8:00  Hydralisk  
  138  8:01  Overlord  
  138  8:02  Pneumatized Carapace  
  138  8:05  Hydralisk x2  
  138  8:07  Overlord  
  138  8:12  Hive, Overlord  
  142  8:13  Zergling x6  
  139  8:20  Hydralisk x2  
  139  8:24  Drone x2, Lurker Den, Extractor  
  143  8:29  Hydralisk x3  
  143  8:33  Zergling x16  
  157  8:37  Zergling x2  
  157  8:38  Zergling x2  
  159  8:42  Hydralisk  
  159  8:48  Hydralisk x3  
  159  8:53  Zergling x4  
  159  8:55  Grooved Spines  
  167  8:59  Drone x3  
  169  9:05  Overlord x4  
  169  9:08  Drone  
  169  9:10  Drone  
  169  9:11  Drone x2, Zergling x2  
  169  9:12  Zergling x4  
  169  9:16  Baneling x11, Zergling x12  
  181  9:21  Zergling x4  
  182  9:24  Viper  
  182  9:26  Viper  
  179  9:32  Zergling x6  
  179  9:35  Hatchery  
  179  9:37  Zergling x2  
  179  9:38  Zergling x2  
  168  9:40  Zergling x2  
  168  9:41  Zergling x10  
  168  9:43  Extractor  
  165  9:45  Zergling x4  
  165  9:46  Zergling x6  
  165  9:47  Seismic Spines  
  165  9:49  Lurker x2  
  165  9:51  Zergling x4  
  173  9:54  Zergling x2  
  174  10:01  Zergling x6  
  174  10:04  Lurker x3  
  174  10:05  Hatchery  
  174  10:06  Zergling x4  
  179  10:10  Zergling x2, Lurker  
  179  10:12  Zergling x2  
  180  10:16  Zergling x18  
  190  10:22  Hydralisk x3  
  193  10:28  Zergling x4  
  193  10:30  Zerg Missile Weapons Level 1  
  193  10:32  Zergling x4  
  196  10:38  Hydralisk x2  
  196  10:41  Hydralisk  
  198  10:48  Zergling x8  
  193  10:50  Lurker Den, Viper  
  193  10:51  Zergling x10  
  193  10:52  Zergling x4  
  193  10:54  Adrenal Glands  
  193  10:55  Zergling x2  
  193  10:56  Hatchery  
  199  11:05  Overseer  
  199  11:09  Nydus Network  
  197  11:13  Hatchery  
  197  11:18  Drone x9  
  199  11:21  Zergling x10  
  191  11:26  Zergling x2  
  191  11:30  Zergling x2  
  191  11:31  Zergling x12  
  199  11:38  Zergling x8  
  199  11:44  Zergling x4  
  198  11:48  Hydralisk, Adaptive Talons  
  198  11:49  Hydralisk x3  
  198  11:51  Queen  
  198  11:52  Hydralisk  
  198  11:53  Hydralisk x2  
  200  11:59  Zergling x6  
  199  12:04  Overlord  
  199  12:05  Overlord  
  186  12:08  Baneling x9  
  186  12:09  Baneling  
  186  12:14  Zergling x12  
  190  12:19  Lurker x2  
  188  12:24  Zergling x4  
  188  12:27  Hatchery  
  182  12:30  Zerg Missile Weapons Level 2  
  182  12:36  Unknown  
  169  12:37  Zergling x14  
  169  12:40  Zergling x2  
  154  12:47  Lurker x4  
  154  12:50  Baneling x5  
  158  12:51  Zergling x2  
  158  12:52  Zergling x6  
  162  12:58  Zergling x2  
  162  12:59  Zergling x4  
  162  13:04  Nydus Canal  
  165  13:06  Baneling x4  
  165  13:08  Overseer  
  165  13:09  Hatchery  
  160  13:15  Zergling x8  
  160  13:17  Lurker  
  158  13:20  Zergling x4  
  158  13:24  Drone x2  
  162  13:28  Zergling x8  
  162  13:29  Zergling x2  
  162  13:30  Baneling x2  
  167  13:36  Zergling x6  
  167  13:38  Zergling x2  
  167  13:39  Overseer  
  171  13:42  Viper  
  171  13:44  Lurker  
  171  13:47  Zergling x4  
  175  13:50  Zergling x6  
  175  13:53  Drone  
  179  14:02  Lurker x2  
  181  14:03  Zergling x14  
  187  14:10  Zergling x10  
  187  14:12  Baneling  
  187  14:16  Overlord  
  192  14:18  Overlord  
  192  14:20  Overlord  
  192  14:23  Nydus Canal  
  187  14:25  Zergling x6  
  187  14:29  Overlord  
  185  14:33  Baneling x2  
  179  14:38  Hydralisk x2  
  179  14:39  Hydralisk  
  179  14:40  Zergling x2  
  179  14:43  Hatchery  
  171  14:50  Zergling x12  
  161  14:55  Zergling x4  
  161  14:56  Nydus Canal  
  161  14:57  Lurker x2  
  163  15:11  Zergling x4  
  156  15:14  Nydus Canal  
  156  15:17  Zergling x4, Hatchery  
  156  15:20  Zergling x2  
  156  15:21  Zergling x2  
  144  15:25  Hydralisk  
  140  15:29  Nydus Canal  
  140  15:30  Zergling x2  
  140  15:32  Zergling x2  
  140  15:34  Zergling x2  
  140  15:35  Zergling x2  
  144  15:39  Zergling x4  
  143  15:43  Zergling x4  
  143  15:47  Hydralisk  
  143  15:48  Zergling x2  
  148  15:51  Zergling x2  
  148  15:55  Zergling x4  
  145  15:59  Zergling x4  
  145  16:02  Zergling x6  
  145  16:09  Zergling x8  
  131  16:14  Zergling x8  
  135  16:23  Zergling x14  
  130  16:26  Zergling x4  
  130  16:29  Nydus Canal  
  133  16:32  Zergling x2  
  133  16:33  Zergling x4  
  133  16:34  Lurker  
  133  16:35  Baneling x3  
  133  16:39  Zergling x4  
  136  16:41  Baneling x4  
  136  16:42  Zergling x2  
  136  16:43  Zergling x2  
  136  16:46  Zergling x4  
  140  16:48  Zergling x2  
  140  16:49  Zergling x4  
  140  16:50  Zergling x2  
  126  17:02  Zergling x6  
  126  17:15  Hatchery  
Show
View Real Time Build Order
Export as new Build Order

VITmaru Terran - Winner!

Build Orders:  

Get SALT Encoding   

  12  0:00  SCV  
  13  0:12  SCV  
  14  0:17  Supply Depot  
  14  0:24  SCV  
  15  0:39  SCV, Barracks  
  16  0:43  Refinery  
  16  0:51  SCV  
  17  0:59  Barracks  
  17  1:03  SCV  
  18  1:15  SCV  
  19  1:27  Orbital Command, Reaper  
  20  1:33  Supply Depot  
  20  1:46  Reaper  
  21  1:54  SCV  
  22  2:03  Reaper  
  22  2:06  SCV  
  24  2:10  Command Center  
  24  2:18  SCV  
  24  2:19  Refinery  
  25  2:23  Reaper  
  26  2:30  SCV  
  27  2:42  SCV  
  28  2:51  Command Center  
  28  2:54  SCV  
  29  3:03  Factory, Barracks Reactor  
  29  3:06  SCV  
  30  3:13  Barracks Tech Lab  
  30  3:18  SCV  
  31  3:22  SCV  
  32  3:30  SCV  
  33  3:38  Orbital Command  
  30  3:42  SCV  
  30  3:45  Marine  
  32  3:52  Hellion x2  
  32  3:55  SCV, Engineering Bay x2  
  36  3:56  Barracks Reactor  
  36  4:04  SCV  
  36  4:07  SCV  
  36  4:08  Orbital Command  
  39  4:10  Barracks Tech Lab  
  39  4:13  Hellion  
  39  4:14  Hellion  
  39  4:17  SCV  
  43  4:19  SCV  
  44  4:24  Terran Infantry Weapons Level 1, Terran Infantry Armor Level 1  
  44  4:29  Marine, SCV  
  46  4:31  Stimpack  
  46  4:33  Supply Depot  
  46  4:35  SCV x2  
  48  4:40  Marine x2  
  48  4:43  Hellion  
  48  4:44  Hellion  
  54  4:47  SCV  
  54  4:48  SCV x2  
  54  4:52  Starport  
  57  4:55  Supply Depot  
  57  4:58  Orbital Command  
  57  4:59  SCV  
  58  5:00  Marine x3, SCV  
  58  5:04  Refinery  
  62  5:12  SCV x2  
  62  5:13  Barracks  
  64  5:17  Factory Tech Lab  
  64  5:19  Marine x3  
  67  5:21  Supply Depot  
  67  5:24  SCV  
  67  5:26  Armory  
  67  5:27  SCV  
  69  5:30  Refinery  
  69  5:31  SCV  
  70  5:36  Medivac x2, Marine  
  70  5:37  Marine  
  70  5:38  Marine  
  77  5:43  Supply Depot, SCV  
  77  5:44  SCV  
  77  5:49  Siege Tank  
  82  5:52  SCV  
  82  5:55  Supply Depot  
  83  5:58  SCV  
  83  6:00  Barracks Reactor  
  83  6:02  Marine  
  85  6:04  Marine x2, SCV  
  85  6:06  SCV  
  85  6:10  SCV  
  90  6:13  Combat Shield, Supply Depot  
  90  6:19  Barracks x2  
  90  6:20  Marine  
  90  6:21  SCV  
  90  6:22  Marine x2  
  94  6:26  SCV x2  
  96  6:34  SCV  
  96  6:36  Terran Infantry Weapons Level 2  
  96  6:38  SCV x2  
  93  6:43  Terran Infantry Armor Level 2  
  93  6:46  SCV  
  87  6:50  SCV x2  
  87  6:53  Medivac x2  
  93  6:58  SCV  
  93  6:59  Marine  
  93  7:00  Marine x4  
  99  7:02  SCV x2  
  99  7:07  Supply Depot  
  101  7:10  SCV  
  101  7:11  Barracks Reactor x2  
  101  7:14  SCV x2  
  104  7:20  Siege Tank, Barracks x3  
  104  7:22  SCV  
  105  7:26  SCV x2  
  105  7:28  Medivac x2, Marine  
  105  7:29  Supply Depot  
  112  7:31  Marine  
  112  7:32  Marine x2  
  112  7:34  Supply Depot, SCV  
  116  7:38  SCV  
  117  7:45  Supply Depot  
  117  7:46  Supply Depot x2  
  117  7:55  Marine x9  
  117  7:58  Medivac x2  
  130  7:59  Supply Depot, Sensor Tower  
  130  8:09  Marine  
  130  8:10  Marine x2  
  133  8:13  Marine x5  
  133  8:17  Siege Tank  
  141  8:23  Marine x4  
  142  8:27  Marine x3  
  142  8:28  Medivac x2, Supply Depot, Refinery  
  142  8:30  Marine  
  142  8:31  Marine x4  
  154  8:41  Marine x4  
  153  8:45  Marine x2  
  153  8:46  Marine  
  155  8:48  Marine x2  
  155  8:49  Marine x3  
  155  8:53  Terran Infantry Weapons Level 3  
  160  8:56  Supply Depot  
  160  8:59  Marine  
  160  9:00  Terran Infantry Armor Level 3  
  160  9:01  Marine x3  
  164  9:03  Marine x3  
  164  9:07  SCV  
  164  9:08  Supply Depot  
  168  9:18  Marine x6  
  168  9:20  Command Center  
  174  9:27  Marine x3  
  174  9:30  Medivac x2  
  174  9:33  Barracks Tech Lab x2  
  174  9:36  SCV  
  174  9:37  SCV  
  167  9:41  Siege Tank  
  170  9:49  Marine  
  170  9:50  Marine x5  
  176  10:00  Medivac x2, Supply Depot, Command Center  
  176  10:04  Marine, Marauder  
  176  10:05  Barracks Tech Lab  
  183  10:09  Supply Depot  
  183  10:17  Marine  
  183  10:18  Marauder x2  
  188  10:28  Marine x2, Marauder x2  
  189  10:30  Medivac x2  
  193  10:39  Marine, Marauder  
  193  10:40  Marauder  
  186  10:43  Marine x2  
  186  10:49  Marine x2  
  193  10:50  Marauder x2  
  193  10:56  Marine  
  193  10:57  Marine  
  188  10:59  SCV x2  
  188  11:01  Marauder x2  
  188  11:02  Marine x2  
  197  11:11  Marine, Marauder x2  
  200  11:16  Command Center  
  200  11:23  Marine  
  197  11:28  Marine, Marauder  
  200  11:35  Marine x2  
  200  11:39  Planetary Fortress  
  200  11:50  Marine  
  199  11:56  Concussive Shells  
  199  11:58  Marine  
  200  12:07  Marauder x2  
  188  12:12  Marine x3, Marauder x2  
  195  12:18  Command Center  
  195  12:21  Command Center, Ghost Academy  
  183  12:26  Marine x2  
  183  12:28  Marauder  
  183  12:29  Medivac x2, Marauder  
  185  12:34  Marauder  
  165  12:38  Marine x2  
  165  12:39  Marauder  
  165  12:42  Marine  
  165  12:43  Marine x3  
  154  12:46  Siege Tank  
  154  12:50  Marauder x2  
  160  12:54  SCV  
  160  12:55  SCV, Command Center, Marauder  
  160  12:57  SCV, Orbital Command  
  165  12:59  Medivac x2, Command Center  
  165  13:00  Marauder  
  171  13:06  SCV  
  171  13:11  Marauder  
  174  13:15  Marine x2  
  174  13:16  Marauder x2  
  174  13:19  Siege Tank  
  183  13:22  Marine x3, Marauder  
  183  13:25  Planetary Fortress  
  188  13:29  Medivac x2  
  188  13:30  Marine x2  
  188  13:33  Marauder  
  196  13:37  Marauder  
  196  13:38  Marauder  
  196  13:41  Orbital Command x2  
  200  13:42  Sensor Tower  
  200  13:52  Sensor Tower  
  200  13:53  Personal Cloaking  
  200  13:57  Command Center  
  195  14:22  Ghost  
  182  14:39  Marine x2, Marauder  
  182  14:40  Marauder  
  182  14:43  Liberator  
  175  14:46  Marine, Marauder  
  154  14:53  Marine, Marauder  
  154  14:54  Marine x3  
  154  14:55  Medivac, Siege Tank  
  154  14:59  Hi-Sec Auto Tracking, Neosteel Armor  
  158  15:00  Ghost x2  
  158  15:01  Marine, Refinery x2  
  165  15:07  Ghost  
  158  15:14  Marine x3  
  158  15:15  Marine, Marauder  
  156  15:25  Medivac, Marine x2  
  156  15:27  Marine, Siege Tank  
  159  15:29  Marauder x2  
  159  15:33  Marine  
  159  15:35  Marine x3, Orbital Command  
  161  15:36  Marauder x2  
  161  15:39  Marine  
  164  15:43  Marine x2, SCV x2  
  164  15:44  SCV  
  164  15:45  Marine  
  170  15:51  Marine, Marauder x2  
  170  15:53  Marine x2  
  168  15:57  Marine x2  
  168  15:58  Marauder x2  
  168  15:59  Siege Tank  
  168  16:00  Marine  
  168  16:01  Marine  
  176  16:09  Marine x2  
  176  16:10  Planetary Fortress  
  176  16:11  Marine  
  168  16:12  SCV, Marauder x2  
  174  16:19  Marauder x2  
  174  16:21  Marine x2  
  174  16:31  Siege Tank  
  173  16:33  Marauder  
  173  16:34  Marine, Marauder  
  173  16:35  Marine  
  179  16:40  Marauder  
  179  16:41  Marauder  
  183  16:52  SCV x3  
  186  16:55  Marauder x2  
  186  17:00  SCV  
  186  17:01  SCV x3  
Tags
 
Add a new tag
Caveats
  • Supply blocks, unpowered buildings, or Contaminate may cause inaccurate times.
  • Supply counts are checked every 10 seconds.